 Dungeon Crawl Stone Soup version 0.21.1-1-g345015f (webtiles) character file.

32 Harpaggios the Grasshopper (level 3, 0/33 HPs)
             Began as a Naga Warper on June 12, 2018.
             Succumbed to an adder's poison
             ... on level 1 of the Dungeon.
             The game lasted 00:08:58 (1515 turns).

Harpaggios the Grasshopper (Naga Warper)            Turns: 1515, Time: 00:08:59

Health: 0/33       AC:  2    Str: 14    XL:     3   Next: 25%
Magic:  4/6        EV:  9    Int: 13    God:
Gold:   25         SH:  0    Dex: 10    Spells: 4/6 levels left

rFire    . . .     SeeInvis +   a - +0 mace
rCold    . . .     Gourm    .   (no shield)
rNeg     . . .     Faith    .   b - +0 leather armour
rPois    +         Spirit   .   (no helmet)
rElec    .         Reflect  .   (no cloak)
rCorr    .         Harm     .   (no gloves)
MR       .....                  (no barding)
Stlth    +.........             (no amulet)
HPRegen  0.11/turn              (no ring)
MPRegen  0.10/turn              (no ring)

@: lethally poisoned (0 -> -2), short of breath, very slow
A: large, see invisible, deformed body, poison resistance, slowness 2, slow
metabolism 1, spit poison 1, AC +1
a: Spit Poison


You were on level 1 of the Dungeon.
You were not hungry.

You visited 1 branch of the dungeon, and saw 2 of its levels.

You collected 25 gold pieces.

Inventory:

Hand Weapons
 a - a +0 mace (weapon)
Missiles
 e - 5 tomahawks of dispersal (quivered)
Armour
 b - a +0 leather armour (worn)
Scrolls
 d - a scroll of blinking
 h - a scroll of fear {unknown}
 i - a scroll of teleportation {unknown}
 j - a scroll of remove curse {unknown}
 l - a scroll of immolation {unknown}
 m - a scroll of amnesia {unknown}
Potions
 g - a potion of brilliance {unknown}
 k - a potion of magic {unknown}
Books
 c - a book of Spatial Translocations

   Spells                             Type                      Level
   a - Blink                          Translocation                2
   b - Shroud of Golubria             Charms/Translocation         2
   c - Lesser Beckoning               Translocation                3
   d - Gell's Gravitas                Translocation                3
   e - Teleport Other                 Translocation                3
   f - Passage of Golubria            Translocation                4
Comestibles
 f - a ration


   Skills:
 + Level 2.4 Fighting
 + Level 2.4 Maces & Flails
 - Level 1.0 Throwing
 + Level 1.2 Armour
 - Level 1.5 Dodging
 * Level 2.4 Spellcasting
 - Level 3.0 Translocations


You had 4 spell levels left.
You knew the following spells:

 Your Spells              Type           Power        Failure   Level  Hunger
a - Blink                 Tloc           N/A          13%         2    ###....


Dungeon Overview and Level Annotations

Branches:
Dungeon (2/15)

Altars:


Innate Abilities, Weirdness & Mutations

You cannot wear boots.
Your serpentine skin is tough. (AC +1)
You have supernaturally acute eyesight. (SInv)
Armour fits poorly on your strangely shaped body.
Your system is resistant to poisons. (rPois)
You cover ground very slowly.
You have a slow metabolism.
You can spit poison.


Message History

You blink.
Press: ? - help, Shift-Dir - straight line, f - adder
Aim: an adder (lightly wounded)
The splash of poison hits the adder.
The adder appears unharmed.
The adder is lightly wounded.
You feel slightly more hungry.
You closely miss the adder.
The adder is lightly wounded.
The adder bites you.
* * * LOW HITPOINT WARNING * * *
You hit the adder but do no damage.
The adder is lightly wounded.
The adder bites you.
* * * LOW HITPOINT WARNING * * *
You are poisoned.
The adder poisons you! The adder bites you.
* * * LOW HITPOINT WARNING * * *
You miss the adder.
The adder is lightly wounded.
You die...

#.# #...# #.##.######..... #.#
#.#.## #.##..........## #.#
#.#..# #.#########...# #.#
#.##.###.........#...# #######.#
#.##..##.#######.#.[.## ........#
#.###.##.# #....... ###########.#
#..#.##########.### #...#.#
##.#.##.....# #.# #...#.#
#@#.##.....# #.# #...#.#
#S#)##.....# #.# #
###...#.####h..##.....# #.# #
#..).......##..##.....# #.# ##
##.###.#.##.##..##.....###.##
.###.## #.#....................##
#.#.## ##.####...................
##.## ##..########>##########..##
#.#.###.#............########..##


You could see a hound and an adder.

Vanquished Creatures
  An adder (D:2)
  2 dart slugs
  A leopard gecko (D:1)
  3 bats (D:1)
  2 hobgoblins (D:1)
  3 goblins (D:1)
  3 kobolds (D:1)
  4 rats (D:1)
19 creatures vanquished.

Notes
Turn   | Place    | Note
-------+----------+-------------------------------------------
     0 | D:1      | Harpaggios the Naga Warper began the quest for the Orb.
     0 | D:1      | Reached XP level 1. HP: 19/19 MP: 3/3
   311 | D:1      | Reached skill level 1 in Armour
   359 | D:1      | Reached skill level 1 in Throwing
   359 | D:1      | Reached XP level 2. HP: 17/26 MP: 5/5
   363 | D:1      | Learned a level 2 spell: Blink
  1255 | D:2      | Reached XP level 3. HP: 6/33 MP: 6/6
  1514 | D:1      | HP: 1/33 [adder (4)]
  1515 | D:1      | Succumbed to an adder's poison

Skill      XL: |  1 |
---------------+----+-----
Armour         | 1 |  1.2
Throwing       | 1 |  1.0
Fighting       | |  2.4
Maces & Flails | |  2.4
Dodging        | |  1.5
Spellcasting   | |  2.4
Translocations | |  3.0

Action                   || total
-------------------------++-------
Melee: Mace              ||    60
 Cast: Blink             ||     1
 Abil: Spit Poison       ||     6
  Eat: Chunk             ||     1
Armor: Leather armour    ||    30
Dodge: Dodged            ||    39
